 Dungeon Crawl Stone Soup version 0.30-a0-422-g946f4849ff (webtiles) character file.

Game seed: 5997715478893362581

71 ragingrage the Charlatan (level 4, -2/33 HPs)
             Began as a Demonspawn Artificer on Dec 8, 2022.
             Slain by a gnoll
             ... wielding a +0 flail
              (6 damage)
             ... on level 2 of the Dungeon.
             The game lasted 00:02:17 (1691 turns).

ragingrage the Charlatan (Demonspawn Artificer)     Turns: 1691, Time: 00:02:18

Health: -2/33      AC: 12    Str: 12    XL:     4   Next: 5%
Magic:  4/4        EV: 10    Int: 12    God:
Gold:   160        SH:  4    Dex: 16    Spells: 2/3 levels left

rFire   + . .      SeeInvis .    i - +0 short sword
rCold   . . .      Faith    .    (no shield)
rNeg    . . .      Spirit   .    q - +0 ring mail {rF+}
rPois   .          Reflect  .    (helmet restricted)
rElec   .          Harm     .    (no cloak)
rCorr   .          Rampage  .    (no gloves)
Will    .....                    h - +0 pair of boots
Stlth   +.........               (no amulet)
HPRegen 0.25/turn                (no ring)
MPRegen 0.09/turn                (no ring)

@: sanguine armoured
A: horns 1, sanguine armour 1, condensation shield
a: no special abilities


You were on level 2 of the Dungeon.
You visited 1 branch of the dungeon, and saw 2 of its levels.

You collected 160 gold pieces.

Inventory:

Hand Weapons
 i - a +0 short sword (weapon)
Missiles
 p - 6 poisoned darts
Armour
 b - a +0 leather armour
 h - a +0 pair of boots (worn)
 q - a +0 ring mail of fire resistance (worn)
Wands
 c - a wand of flame (14)
 d - a wand of charming (13)
 e - a wand of iceblast (5)
 n - a wand of mindburst (11)
Scrolls
 a - a scroll of teleportation {unknown}
 f - 2 scrolls of identify {unknown}
 g - a scroll of immolation {unknown}
 j - a scroll of acquirement {unknown}
 k - 2 scrolls of amnesia {unknown}
 m - a scroll of blinking {unknown}
Potions
 l - 3 potions of attraction {unknown}
 o - a potion of curing {unknown}


   Skills:
 - Level 2.1 Fighting
 - Level 1.7 Armour
 - Level 0.8 Dodging
 - Level 0.8 Stealth
 + Level 2.3 Conjurations
 - Level 3.6 Evocations


You had 2 spell levels left.
You knew the following spells:

 Your Spells              Type           Power      Damage    Failure   Level
a - Magic Dart            Conj           20%        1d4       28%         1

Your spell library contained the following spells:

 Spells                   Type           Power      Damage    Failure   Level
 Call Imp                 Summ           0%         N/A       73%         2
 Mephitic Cloud           Conj/Pois/Air  1%         N/A       85%         3
 Ignite Poison            Fire/Tmut/Pois 0%         N/A       91%         3
 Kindle Blastsparks       Fire/Tloc/Air  0%         2d10      91%         3
 Freezing Cloud           Conj/Ice/Air   0%         6-21      100%        5


Dungeon Overview and Level Annotations

Branches:
Dungeon (2/15)

Altars:


Innate Abilities, Weirdness & Mutations

You have a pair of small horns on your head.
When seriously injured, your blood forms armour. (AC +6)
A meltable shield of frost defends you. (SH +4)


Message History

The ball python grabs your gnoll. The ball python constricts your gnoll.
Your gnoll hits the ball python with a +0 flail!
The ball python dies!
The gnoll hits your gnoll with a +0 club.
Your gnoll hits the gnoll with a +0 flail!
The gnoll dies!
You have reached level 4!
You feel agile.
Your demonic ancestry asserts itself...
Frost condenses into a shield before you.
Your magical contamination has completely faded away.
Your blood armour dries and flakes away.
The gnoll is no longer charmed.
The gnoll hits you with a +0 flail.
A gnoll is nearby!
A gnoll is nearby!
You closely miss the gnoll.
The gnoll is lightly wounded.
The gnoll barely misses you.
You hit the gnoll but do no damage. You headbutt the gnoll.
The gnoll is lightly wounded.
The gnoll hits you with a +0 flail.
Your blood congeals into armour.
You hit the gnoll.
The gnoll is heavily wounded.
The gnoll barely misses you.
You closely miss the gnoll.
The gnoll is heavily wounded.
The gnoll hits you with a +0 flail.
You barely miss the gnoll.
The gnoll is heavily wounded.
The gnoll barely misses you.
You barely miss the gnoll. You headbutt the gnoll.
The gnoll is severely wounded.
The gnoll hits you with a +0 flail.
You barely miss the gnoll.
The gnoll is severely wounded.
The gnoll hits you with a +0 flail!
* * * LOW HITPOINT WARNING * * *
You barely miss the gnoll.
The gnoll is severely wounded.
The gnoll hits you with a +0 flail.
You die...

######..# #.#### #..#
#.g.#.... ##
#.)######.######..###..##
...
.####.##.......##..S.g.....#
##
......##.......#......S....#
###...##..........######...#
...............#..# #....$..
#...#..........#)##
######.###..
#.....#........#g####...##.#
#.#..##........#@##.....##.#
......#..####.......#...# .#
.####.##.# #....######## #
#...##....#######
###.............##
..##............ #
#..........## #..........#
#################......#


You could see a gnoll.

Vanquished Creatures
  A gnoll (D:2)
  3 orcs (D:2)
  4 endoplasms (D:1)
  3 giant cockroaches (D:1)
  5 goblins
  5 hobgoblins
  4 quokkas
  5 ball pythons
  4 bats (D:1)
  2 frilled lizards
  A kobold (D:1)
  5 rats
42 creatures vanquished.

Vanquished Creatures (collateral kills)
  A gnoll (D:2)
  A ball python (D:2)
2 creatures vanquished.

Vanquished Creatures (others)
  A gnoll (D:2)
1 creature vanquished.

Grand Total: 45 creatures vanquished

Notes
Turn   | Place    | Note
-------+----------+-------------------------------------------
     0 | D:1      | ragingrage the Demonspawn Artificer began the quest for the
                  | Orb.
     0 | D:1      | Reached XP level 1. HP: 15/15 MP: 1/1
   232 | D:1      | Gained mutation: You have a pair of small horns on your
                  | head. [demonic ancestry]
   232 | D:1      | Reached XP level 2. HP: 11/21 MP: 2/2
   570 | D:1      | Learned a level 1 spell: Magic Dart
   793 | D:1      | Gained mutation: When seriously injured, your blood forms
                  | armour. (AC +6) [demonic ancestry]
   793 | D:1      | Reached XP level 3. HP: 27/27 MP: 3/3
  1155 | D:2      | Found a faded altar of an unknown god.
  1394 | D:2      | Reached skill level 1 in Conjurations
  1655 | D:2      | Gained mutation: A meltable shield of frost defends you.
                  | (SH +4) [demonic ancestry]
  1655 | D:2      | Reached XP level 4. HP: 21/33 MP: 0/4
  1691 | D:2      | Slain by a gnoll

Illustrated notes

Levels and vault maps discovered:
D:1:      shiori_angband_town, layout_loops_ring
D:2:      layout_rooms, shapermc_ecumenical_altar_totnotflames,
          guppyfry_early_orc_mine

Skill      XL: |  1  2  3 |
---------------+----------+-----
Fighting       | 2 |  2.1
Conjurations   | 2 |  2.3
Armour         | |  1.7
Dodging        | |  0.8
Stealth        | |  0.8
Evocations     | |  3.6

Action                   |  1- 3 |  4- 6 || total
-------------------------+-------+-------++-------
Melee: Club              |    46 |       ||    46
       Dagger            |    38 |       ||    38
       Short sword       |    64 |     8 ||    72
       Headbutt          |    18 |     2 ||    20
 Cast: Magic Dart        |     3 |       ||     3
Evoke: Wand              |     3 |       ||     3
 Stab: Sleeping          |     1 |       ||     1
Armor: Leather armour    |    47 |       ||    47
       Ring mail         |    15 |       ||    15
Dodge: Dodged            |   102 |     3 ||   105

Table legend: (Time is in decaauts)
 A = Elapsed time spent in this place.
 B = Non-inter-level travel time spent in this place.
 C = Inter-level travel time spent in this place.
 D = Time resting spent in this place.
 E = Time spent auto-exploring this place.
 F = Levels seen in this place.
 G = Mean time per level.
                   A        B        C        D        E       F      G
               +--------+--------+--------+--------+--------+-----+--------+
         Total |   1703 |   1676 |     27 |    206 |    980 |   2 |  851.5 |
       Dungeon |   1703 |   1676 |     27 |    206 |    980 |   2 |  851.5 |
               +--------+--------+--------+--------+--------+-----+--------+

Top non-repeatable levels by time:
     D:1: 1148 daAuts
     D:2: 555 daAuts
